 Dungeon Crawl Stone Soup version 0.31.0-12-g77e489cdc1 (webtiles) character file.

Game seed: 17078076338298011924

201 hawla the Shield-Bearer (level 5, 0/63 (69) HPs)
             Began as a Minotaur Fighter on Feb 11, 2024.
             Killed from afar by an orc wizard (8 damage)
             ... with a puff of flame
             ... on level 4 of the Dungeon.
             The game lasted 00:04:26 (2507 turns).

hawla the Shield-Bearer (Minotaur Fighter)          Turns: 2507, Time: 00:04:27

HP:   0/63 (69)     AC: 10    Str: 22    XL:     5   Next: 50%
MP:   4/4           EV:  9    Int:  5    God:
Gold: 133           SH:  0    Dex: 10    Spells: 4/4 levels left

rFire   . . .        a - +0 war axe
rCold   . . .        c - +0 buckler
rNeg    . . .        m - +0 chain mail
rPois   .            (helmet restricted)
rElec   .            (no cloak)
rCorr   .            e - +0 pair of gloves
SInv    .            (no boots)
Will    .....        (no amulet) Stlth
                     (no ring)
HPRegen 0.30/turn    (no ring)
MPRegen 0.09/turn

%: no passive effects
@: confused, berserking, drained, very quick
A: horns 2, retaliatory headbutt
a: no special abilities


You were on level 4 of the Dungeon.
You visited 1 branch of the dungeon, and saw 4 of its levels.

You collected 177 gold pieces.
You spent 44 gold pieces at shops.

Inventory:

Hand Weapons
 a - a +0 war axe (weapon)
Armour
 c - a +0 buckler (worn)
 e - a +0 pair of gloves (worn)
 m - a +0 chain mail (worn)
Jewellery
 j - a ring of magical power
 l - a ring of ice
Scrolls
 b - a scroll of teleportation
 k - 2 scrolls of identify
 n - a scroll of enchant weapon {unknown}
 o - a scroll of torment {unknown}
Potions
 d - 4 potions of might
 f - 2 potions of attraction
 g - a potion of berserk rage
 h - a potion of haste {unknown}
 i - a potion of ambrosia {unknown}


   Skills:
 - Level 4.0 Fighting
 - Level 2.4 Axes
 + Level 4.6 Armour
 - Level 4.0 Dodging
 - Level 5.0 Shields


You had 4 spell levels left.
You didn't know any spells.
Your spell library was empty.

Dungeon Overview and Level Annotations

Branches:
Dungeon (4/15)
 Temple: D:4-7

Altars:
Dithmenos
Elyvilon
Vehumet

Shops:
D:2 ?


Innate Abilities, Weirdness & Mutations

You have a pair of horns on your head.
You reflexively headbutt those who attack you in melee.


Message History

Deactivating autopickup; reactivate with Ctrl-A.
You block the hobgoblin's attack. Something hits you.
You block the hobgoblin's attack.
You hit something. You barely miss the hobgoblin.
Something hits you but does no damage. The hobgoblin barely misses you.
You furiously retaliate!
You headbutt the hobgoblin.
Unknown command.
You barely miss something. You barely miss the hobgoblin.
You hear some strange, mumbled words.
A puff of flame appears from out of thin air!
The puff of flame hits you! The hobgoblin hits you.
Something hits you but does no damage.
Unknown command.
You closely miss something. You slash the hobgoblin!
You kill the hobgoblin!
The orc wizard casts a spell at you.
You are confused.
Unknown command.
You barely miss the orc. You hit something.
You hear some strange, mumbled words.
A magic dart appears from out of thin air!
The magic dart hits you.
Unknown command.
You're too confused to move!
You hear some strange, mumbled words.
A puff of flame appears from out of thin air!
The puff of flame hits you!
* * * LOW HITPOINT WARNING * * *
Unknown command.
It was a potion of berserk rage.
A red film seems to cover your vision as you go berserk!
You feel yourself moving faster!
You feel mighty! Something hits you.
* * * LOW HITPOINT WARNING * * *
The orc wizard barely misses you. The orc hits you but does no damage.
You're too confused to move!
You feel a strong urge to attack something.
You hear some strange, mumbled words.
A puff of flame appears from out of thin air!
The puff of flame hits you!
You die...

........#
....... ....?.
..... ##...## #
##§...§##
#.##.§..§§§## #
#.#.§§§.@o§§#..
#.....§[{o§.....
#......_.?......
#...............
..#§.......§#.<.
.. ##....?.§##
.. ... ##§...!##
.
...####...####.
..
...............
.o ....##


You could see an orc wizard and an orc.

Vanquished Creatures
  A scorpion (D:3)
  Terence (D:2)
  3 adders
  3 gnolls (D:2)
  A dart slug (D:1)
  8 orcs
  13 endoplasms
  A giant cockroach (D:3)
  6 goblins
  5 hobgoblins
  A ball python (D:1)
  4 bats
  2 frilled lizards
  A kobold (D:4)
  6 rats
56 creatures vanquished.

Notes
Turn   | Place    | Note
-------+----------+-------------------------------------------
     0 | D:1      | hawla the Minotaur Fighter began the quest for the Orb.
     0 | D:1      | Reached XP level 1. HP: 19/19 MP: 0/0
   353 | D:1      | Reached skill level 1 in Dodging
   354 | D:1      | Reached XP level 2. HP: 26/27 MP: 1/1
  1000 | D:2      | Reached XP level 3. HP: 27/33 MP: 2/2
  1210 | D:2      | Found Feunokem's Magic Scroll Emporium.
  1266 | D:2      | Identified the +1 sling of Undoing {elec, Str+4}
  1346 | D:2      | Bought 2 scrolls of identify for 44 gold pieces
  1405 | D:2      | Reached XP level 4. HP: 40/40 MP: 3/3
  1613 | D:2      | Found a faded altar of an unknown god.
  1633 | D:2      | Noticed Terence
  1638 | D:2      | Killed Terence
  1639 | D:2      | Reached skill level 4 in Shields
  2039 | D:3      | Found a white marble altar of Elyvilon.
  2395 | D:4      | Noticed a scorpion
  2409 | D:3      | Killed a scorpion
  2410 | D:3      | Reached skill level 5 in Shields
  2410 | D:3      | Reached XP level 5. HP: 46/46 MP: 4/4
  2450 | D:4      | Found a radiant altar of Vehumet.
  2487 | D:4      | Found a shadowy altar of Dithmenos.
  2507 | D:4      | Killed from afar by an orc wizard

Illustrated notes

Levels and vault maps discovered:
D:1:      evilmike_arrival_crescent, layout_loops_corners,
          kennysheep_small_spiral
D:2:      layout_basic, serial_shops, shop, ebering_ecumenical_altar_petrified,
          uniq_terence
D:3:      layout_loops_cross, lemuel_round_altar
D:4:      layout_rooms, nicolae_ru_awakened_eye, nicolae_dithmenos_the_darkroom,
          nemelex_spade_bored_becter, nicolae_vehumet_radiance,
          kennysheep_mini_moat

Skill      XL: |  1  2  3  4 |
---------------+-------------+-----
Dodging        | 1 2 3 4 |  4.0
Fighting       | 4 |  4.0
Shields        | 5 |  5.0
Armour         | 4 |  4.6
Axes           | |  2.4

Action                     |  1- 3 |  4- 6 || total
---------------------------+-------+-------++-------
  Melee: War axe           |    68 |    65 ||   133
         Headbutt          |     6 |     7 ||    13
    Use: Scroll            |     4 |       ||     4
         Potion            |       |     1 ||     1
 Armour: Scale mail        |    57 |     4 ||    61
         Chain mail        |       |    40 ||    40
  Dodge: Dodged            |    31 |    41 ||    72
  Block: Buckler           |    15 |    23 ||    38
